 Dungeon Crawl Stone Soup version 0.30.1-11-g7821555f0a (webtiles) character file.

Game seed: 10534969324644485264

125517 KittyFluff the Tortoise (level 16, -28/100 (103) HPs)
             Began as a Gargoyle Berserker on Nov 7, 2023.
             Was the Champion of Trog.
             Killed from afar by a tengu reaver (52 damage)
             ... with a bolt of acid
             ... on level 14 of the Dungeon on Nov 8, 2023.
             The game lasted 02:41:51 (34628 turns).

KittyFluff the Tortoise (Gargoyle Berserker)       Turns: 34628, Time: 02:41:51

HP:   -28/100 (103) AC: 33    Str: 31    XL:     16   Next: 96%
MP:   0/16          EV: 13    Int: 10    God:    Trog [******]
Gold: 4820          SH: 11    Dex:  9    Spells: 15/15 levels left

rFire   + + .        C - +5 demon whip
rCold   . . .        j - +2 kite shield {AC+3}
rNeg    + . .        k - +2 ring mail of the Teacher {rF++ Str+3 Int-2 Stlth+}
rPois   ∞            (no helmet)
rElec   +            B - +2 cloak
rCorr   .            x - +0 pair of gloves
SInv    +            Z - +0 pair of boots
Will    +....        K - amulet of Gohoump {Spirit rElec Int+3}
Stlth   +            w - ring of see invisible
HPRegen 0.36/turn    I - +4 ring of slaying
MPRegen 0.15/turn

%: guardian spirit
@: flying, lightly drained
A: sickness immunity, AC +12, big wings, negative energy resistance 1,
electricity resistance, torment resistance 1, petrification resistance,
teleportitis 1
a: Renounce Religion, Berserk, Trog's Hand, Brothers in Arms


You were on level 14 of the Dungeon.
You worshipped Trog.
Trog was exalted by your worship.
You visited 4 branches of the dungeon, and saw 22 of its levels.
You also visited: Sewer and Ice Cave.

You collected 4820 gold pieces.

Inventory:

Hand Weapons
 d - a +2 sling of flaming
 e - a +3 eveningstar
 C - a +5 demon whip (weapon)
 Y - the +4 morningstar of Gehenna {heavy, rN++ Int-2}
   (Trog gifted it to you on level 14 of the Dungeon)

   Int:       It affects your intelligence (-2).
   rN:        It greatly protects you from negative energy.
Missiles
 l - 36 poisoned darts (quivered)
 D - 5 javelins
 H - 15 boomerangs
 N - 2 atropa-tipped darts
Armour
 b - a +0 crystal plate armour of cold resistance
 j - a +2 kite shield of protection (worn)
 k - the +2 ring mail of the Teacher (worn) {rF++ Str+3 Int-2 Stlth+}
   (You found it on level 3 of the Lair of Beasts)

   Str:       It affects your strength (+3).
   Int:       It affects your intelligence (-2).
   rF:        It greatly protects you from fire.
   Stlth:     It makes you more stealthy.
 x - a +0 pair of gloves (worn)
 B - a +2 cloak (worn)
 P - +0 acid dragon scales
 Z - a +0 pair of boots (worn)
Jewellery
 t - a ring of positive energy
 u - a +4 ring of protection
 w - a ring of see invisible (left hand)
 I - a +4 ring of slaying (right hand)
 K - the amulet of Gohoump (around neck) {Spirit rElec Int+3}
   (You found it on level 5 of the Lair of Beasts)

   [amulet of guardian spirit]

   It causes incoming damage to be divided between your reserves of health and
   magic.
   Int:       It affects your intelligence (+3).
   rElec:     It insulates you from electricity.
 R - a ring of protection from cold
 S - a ring of protection from fire
Wands
 q - a wand of quicksilver (18)
 z - a wand of digging (13)
 A - a wand of iceblast (10)
 M - a wand of polymorph (8)
 T - a wand of mindburst (10)
 U - a wand of flame (33)
 V - a wand of paralysis (13)
Scrolls
 a - 5 scrolls of poison
 c - 4 scrolls of magic mapping
 h - 7 scrolls of blinking
 i - 6 scrolls of enchant armour
 o - 12 scrolls of teleportation
 p - 4 scrolls of immolation
 r - 2 scrolls of silence
 y - 4 scrolls of fear
 E - 2 scrolls of enchant weapon
 F - 2 scrolls of summoning
 J - a scroll of torment
 W - 2 scrolls of fog
Potions
 f - 7 potions of heal wounds
 g - 9 potions of curing
 n - 5 potions of mutation
 s - a potion of ambrosia
 v - 4 potions of cancellation
 G - 2 potions of resistance
 L - 2 potions of attraction
 O - 4 potions of lignification
 Q - a potion of might
Miscellaneous
 m - a phial of floods


   Skills:
 + Level 12.6 Fighting
 - Level 16.7 Maces & Flails
 - Level 7.9 Throwing
 * Level 17.2 Armour
 - Level 8.7 Dodging
 + Level 7.7 Shields
 - Level 7.8 Evocations


You had 15 spell levels left.
You didn't know any spells.
Your spell library was empty.

Dungeon Overview and Level Annotations

Branches:
Dungeon (14/15)            Temple (1/1) D:7            Lair (5/5) D:9
  Swamp (0/4) Lair:3       Spider (0/4) Lair:2        Slime (0/5) Lair:5
    Orc (2/2) D:11            Elf (0/3) Orc:2        Vaults (0/5) D:14
  Sewer (visited)           IceCv (visited)

Altars:
Cheibriados
Elyvilon
Gozag
Okawaru
Ru
Sif Muna
Trog
Uskayaw
Vehumet
Xom
Yredelemnul
Jiyva

Shops:
D:9 =   D:12 =   Orc:2 (:!*

Portals:
Pandemonium: Orc:2


Innate Abilities, Weirdness & Mutations

You are immune to sickness and miasma.
Your stone body is resilient. (AC +12)
You are immune to poison.
Your large and strong wings let you fly.
You resist negative energy. (rN+)
You are resistant to electric shocks. (rElec)
You are resistant to unholy torment.
You are immune to petrification.
You are occasionally teleported next to monsters.


Message History

You block the tengu reaver's attack. The tengu reaver barely misses you.
You block the tengu reaver's attack. The tengu reaver blocks your attack.
The tengu reaver is moderately wounded.
The tengu reaver hits you with a +1 antimagic war axe!
You feel your power leaking away. You block the tengu reaver's attack. x2
You barely miss the tengu reaver.
The tengu reaver is moderately wounded.
You barely miss the tengu reaver.
The tengu reaver is moderately wounded.
You block the tengu reaver's attack. The tengu reaver pecks you.
The tengu reaver closely misses you.
You closely miss the tengu reaver.
The tengu reaver is moderately wounded.
You thrash the tengu reaver!!
The tengu reaver is heavily wounded.
The tengu reaver closely misses you. You block the tengu reaver's attack.
The tengu reaver claws you but does no damage.
You hit the tengu reaver.
The tengu reaver is severely wounded.
The tengu reaver misses you.
The tengu reaver pecks you but does no damage.
You block the tengu reaver's attack. The tengu reaver blocks your attack.
The tengu reaver is severely wounded.
You hit the tengu reaver.
The tengu reaver is severely wounded.
The tengu reaver gestures at you while chanting.
The bolt of cold hits you!!!
Ouch! That really hurt!
* * * LOW HITPOINT WARNING * * *
The tengu reaver blocks your attack.
The tengu reaver is severely wounded.
The tengu reaver blocks your attack.
The tengu reaver is severely wounded.
The tengu reaver points at you and mumbles some strange words.
The bolt of acid hits you!!!
Ouch! That really hurt!
You die...

.'.....#.........#.###.##.#..###.
.'..⌠..#......(..#.....#.###.#)..
.)....)#..######[#.#.#..## #.###.
.#.....#..# #)#.....#.###.....
########..# #[#.....#......##.
..........# #(#.###...###.#..#
.......#..# #.[..#..##...#...#
####...##.### #.#.###....###..#.
#.#..#...####@#.....###...##..
###.#..###..[..Q#.....)#)†...##.
##≈≈≈≈.~≈≈≈~(~~..#.#.#..#)#...##.
#≈≈≈≈≈~≈≈≈≈≈≈≈≈~[#......#.#......
≈≈≈≈≈≈≈≈≈≈≈≈≈≈≈~.##.#.#.###..##..
≈≈≈≈≈≈≈≈≈≈≈≈≈≈≈~.#...........##..
≈≈≈≈≈≈≈≈≈≈≈≈≈≈≈~.################
≈≈≈≈≈≈≈≈≈≈≈≈≈≈≈~.................
≈≈≈≈≈≈≈≈≈≈≈≈≈≈≈≈~~...........####


You could see a tengu reaver.

Vanquished Creatures
  A very ugly thing (D:14)
  A stone giant (shapeshifter) (D:14)
  A spark wasp (shapeshifter) (D:14)
  Snorg (Orc:1)
  Josephine (D:13)
  Fannar (D:12)
  An ice dragon (Orc:1)
  A vault guard (D:14)
  7 hydras
  2 demonspawn (Orc:2)
  2 rakshasas (D:14)
  An ogre mage (D:14)
  11 boulder beetles
  7 catoblepae
  2 two-headed ogres
  5 death yaks (Lair:5)
  7 centaur warriors (D:14)
  A tengu warrior (D:14)
  4 orc high priests (Orc:2)
  A fire crab (shapeshifter) (D:14)
  A sun demon (Orc:2)
  A skeletal warrior (D:14)
  A skyshark (Lair:2)
  A wizard (D:14)
  A harpy (D:14)
  Pikel (D:3)
  3 deep elf pyromancers (D:14)
  12 orc sorcerers
  5 ugly things
  5 necromancers
  6 orc knights
  8 manticores
  6 cyclopes
  4 black mambas
  14 elephants
  An eye of devastation (Lair:5)
  A black mamba (shapeshifter) (D:13)
  A rust devil (Orc:2)
  A gargoyle (D:13)
  An ice statue (IceCv)
  14 cane toads
  3 torpor snails
  2 orange demons (Orc:2)
  7 komodo dragons
  7 rime drakes
  A tengu conjurer (D:14)
  6 freezing wraiths
  13 ice devils (IceCv)
  An anaconda simulacrum (IceCv)
  A troll (D:10)
  An efreet (D:14)
  5 polar bears
  A tyrant leech (Lair:3)
  6 dream sheep
  13 blink frogs
  A culicivora (Lair:2)
  Sigmund (D:6)
  2 jumping spiders (Lair:2)
  A vampire (D:9)
  14 wyverns
  7 centaur simulacra
  2 dire elephant simulacra (IceCv)
  22 slime creatures
  11 basilisks
  6 wraiths
  2 shadows
  57 yaks
  2 water elementals (D:14)
  18 humans (D:14)
  Eustachio (D:4)
  10 vampire mosquitoes
  4 death yak simulacra (IceCv)
  3 steam dragons
  4 redbacks (Lair:2)
  4 swamp worms (Lair:3)
  3 wargs
  A harpy simulacrum (IceCv)
  An acid dragon (D:10)
  An acid dragon (shapeshifter) (D:14)
  31 orc warriors
  A hydra simulacrum (IceCv)
  36 water moccasins
  A floating eye (Lair:5)
  2 sky beasts
  4 ice beasts
  Pargi (D:4)
  A black bear (Lair:2)
  9 ogres
  18 wolves
  2 lemures (D:3)
  2 centaurs
  A phantom (D:4)
  A kobold brigand (D:7)
  11 bullfrogs
  2 gnoll sergeants
  4 cane toad simulacra (IceCv)
  A scorpion (Orc:1)
  30 killer bees
  7 elephant simulacra (IceCv)
  3 electric eels
  A howler monkey (D:13)
  3 vampire bats (D:12)
  A lava snake (D:7)
  27 orc priests
  6 hounds
  3 jellies
  Crazy Yiuf (D:5)
  2 gnoll boudas
  A sleepcap (D:7)
  6 iguanas
  Terence (D:2)
  14 orc wizards
  13 hell rats
  3 polar bear simulacra (IceCv)
  A spriggan simulacrum (IceCv)
  2 troll simulacra (IceCv)
  2 wolf simulacra (IceCv)
  A hound zombie (D:3)
  8 river rats
  21 adders
  28 gnolls
  2 naga simulacra (IceCv)
  6 white imps
  An ufetubus (D:7)
  An adder zombie (D:3)
  3 worms
  2 dart slugs
  63 orcs
  5 endoplasms
  5 giant cockroaches
  5 goblins
  7 hobgoblins
  11 jackals
  10 kobolds
  5 quokkas
  A ball python (D:2)
  A ball python zombie (D:3)
  13 bats
  2 frilled lizards (D:2)
  12 rats
859 creatures vanquished.

Vanquished Creatures (others)
  A water moccasin (shapeshifter) (D:14)
  2 orcs (D:12)
  A goblin (D:5)
4 creatures vanquished.

Grand Total: 863 creatures vanquished

Notes
Turn   | Place    | Note
-------+----------+-------------------------------------------
     0 | D:1      | KittyFluff the Gargoyle Berserker began the quest for the
                  | Orb.
     0 | D:1      | Reached XP level 1. HP: 14/14 MP: 1/1
   538 | D:1      | Reached XP level 2. HP: 19/19 MP: 2/2
   797 | D:1      | Reached XP level 3. HP: 22/23 MP: 3/3
  1073 | D:2      | Found a faded altar of an unknown god.
  1127 | D:2      | Reached skill level 3 in Armour
  1143 | D:2      | Reached XP level 4. HP: 22/29 MP: 4/4
  1195 | D:2      | Noticed Terence
  1208 | D:2      | Killed Terence
  1327 | D:2      | Reached ** piety under Trog
  1598 | D:2      | Noticed an ogre
  1608 | D:2      | Killed an ogre
  1609 | D:2      | Reached XP level 5. HP: 4/33 MP: 5/5
  1961 | D:2      | Reached skill level 4 in Armour
  2426 | D:3      | Reached XP level 6. HP: 38/38 MP: 6/6
  2927 | D:3      | Found a basalt altar of Yredelemnul.
  3064 | D:4      | Noticed Pargi
  3086 | D:4      | Killed Pargi
  3087 | D:4      | Reached skill level 5 in Maces & Flails
  3092 | D:4      | Reached XP level 7. HP: 7/44 MP: 7/7
  3096 | D:4      | HP: 3/66 [gnoll/+0 whip (4)]
  3281 | D:4      | Noticed Pikel
  3427 | D:3      | Killed Pikel
  3428 | D:3      | Reached skill level 5 in Fighting
  3428 | D:3      | Reached skill level 6 in Armour
  3428 | D:3      | Reached XP level 8. HP: 14/49 MP: 8/8
  3598 | D:4      | Noticed Eustachio
  3644 | D:4      | Killed Eustachio
  4336 | D:4      | Found a sacrificial altar of Ru.
  4627 | D:5      | Entered Level 5 of the Dungeon
  4645 | D:5      | Identified the +4 spear "Rukli Mausa" {flame, rF+ Str+3}
  4669 | D:5      | Found a bloodstained altar of Trog.
  4849 | D:5      | Reached *** piety under Trog
  4951 | D:5      | Found a snail-covered altar of Cheibriados.
  5093 | D:5      | Found a runed translucent door.
  5094 | D:5      | Noticed Crazy Yiuf
  5102 | D:5      | Killed Crazy Yiuf
  5295 | D:5      | Reached skill level 7 in Armour
  5370 | D:5      | Found a shimmering altar of Xom.
  5789 | D:5      | Found a radiant altar of Vehumet.
  5934 | D:5      | Reached XP level 9. HP: 53/55 MP: 9/9
  6278 | D:6      | Noticed Sigmund
  6317 | D:6      | Killed Sigmund
  6490 | D:6      | Found a glowing drain.
  6510 | D:6      | Reached **** piety under Trog
  6518 | Sewer    | Entered a sewer
  7273 | D:6      | Reached skill level 8 in Armour
  7673 | D:6      | Reached XP level 10. HP: 60/60 MP: 10/10
  8207 | D:7      | Found a white marble altar of Elyvilon.
  8407 | D:7      | Found a staircase to the Ecumenical Temple.
  8487 | D:7      | Found a hide-covered altar of Uskayaw.
  8696 | D:7      | Identified a scroll of acquirement
  8697 | D:7      | Acquired 1228 gold pieces
  9975 | D:9      | Found Kuhuoko's Jewellery Emporium.
 10427 | D:9      | Found a shimmering blue altar of Sif Muna.
 10538 | D:10     | Entered Level 10 of the Dungeon
 10698 | D:10     | Reached XP level 11. HP: 66/66 MP: 11/11
 11177 | D:10     | Reached skill level 9 in Armour
 11581 | D:9      | Reached skill level 1 in Throwing
 11723 | D:8      | Reached skill level 1 in Evocations
 11788 | D:8      | Reached ***** piety under Trog
 11887 | D:9      | Found a staircase to the Lair.
 11946 | D:9      | Reached skill level 5 in Dodging
 12145 | Lair:1   | Entered Level 1 of the Lair of Beasts
 13040 | Lair:1   | Reached skill level 10 in Armour
 13262 | Lair:2   | Found a hole to the Spider Nest.
 13546 | Lair:2   | Reached XP level 12. HP: 36/72 MP: 7/12
 13678 | Lair:2   | Noticed a catoblepas
 13715 | Lair:2   | Killed a catoblepas
 13821 | Lair:2   | Identified the +0 ring mail "Qage" {rN+ MP+9 Slay-5}
 13839 | Lair:2   | Noticed a skyshark
 13861 | Lair:2   | Killed a skyshark
 14146 | Lair:2   | Noticed an eight-headed hydra
 14168 | Lair:2   | Killed an eight-headed hydra
 14325 | Lair:2   | Identified the +2 dagger of Hubris {freeze, *Corrode Int+4}
 14352 | Lair:2   | Reached skill level 15 in Maces & Flails
 14667 | Lair:2   | Noticed a four-headed hydra
 14681 | Lair:2   | Killed a four-headed hydra
 14961 | Lair:2   | Reached skill level 11 in Armour
 15452 | Lair:3   | Noticed a five-headed hydra
 15487 | Lair:3   | Killed a five-headed hydra
 15785 | Lair:3   | Received a gift from Trog
 15833 | Lair:3   | Reached XP level 13. HP: 79/79 MP: 13/13
 16305 | Lair:3   | Identified the +2 ring mail of the Teacher {rF++ Str+3
                  | Int-2 Stlth+}
 16725 | Lair:3   | Found a staircase to the Swamp.
 17011 | Lair:4   | Identified the +4 leather armour "Kail" {rElec Str+5 Int-3}
 17370 | Lair:4   | Reached skill level 12 in Armour
 18102 | Lair:4   | Reached skill level 5 in Throwing
 18400 | Lair:5   | Entered Level 5 of the Lair of Beasts
 18465 | Lair:4   | Reached skill level 5 in Evocations
 18761 | Lair:4   | Received a gift from Trog
 19320 | Lair:5   | Acquired 621 gold pieces
 19420 | Lair:5   | Gained mutation: Your large and strong wings let you fly.
                  | [Gargoyle growth]
 19420 | Lair:5   | Reached XP level 14. HP: 73/86 MP: 4/14
 19561 | Lair:5   | Found a staircase to the Slime Pits.
 19561 | Lair:5   | Found a viscous altar of Jiyva.
 19586 | Lair:5   | Paralysed by a floating eye for 4 turns
 20063 | Lair:5   | Reached skill level 13 in Armour
 20829 | Lair:5   | Identified the amulet of Gohoump {Spirit rElec Int+3}
 21831 | Lair:5   | Reached skill level 10 in Fighting
 22134 | Temple   | Entered the Ecumenical Temple
 22285 | D:11     | Identified the +8 trident of Kismet {heavy, rC+ rN+ Stlth+}
 22459 | D:11     | Found a staircase to the Orcish Mines.
 23117 | D:12     | Found Ymoof's Jewellery Emporium.
 23365 | D:12     | Reached ****** piety under Trog
 23577 | D:12     | Reached skill level 1 in Shields
 23813 | D:12     | Noticed Fannar
 23838 | D:12     | Received a gift from Trog
 23852 | D:12     | Killed Fannar
 24690 | D:12     | Reached skill level 14 in Armour
 24903 | D:12     | Reached XP level 15. HP: 88/92 MP: 15/15
 25229 | D:13     | Noticed Josephine
 25240 | D:13     | Killed Josephine
 25468 | D:13     | Received a gift from Trog
 26494 | D:14     | Found an iron altar of Okawaru.
 27245 | D:14     | Found a gate to the Vaults.
 27448 | D:14     | Identified the +6 flail of Irritation {vamp, MP+9}
 27549 | D:14     | Reached skill level 15 in Armour
 27830 | D:14     | Identified the +4 morningstar of Gehenna {heavy, rN++
                  | Int-2} (Trog gifted it to you on level 14 of the Dungeon)
 27830 | D:14     | Received a gift from Trog
 28429 | D:14     | Noticed a quicksilver dragon
 28433 | D:14     | a quicksilver dragon changed into a stone giant
 28703 | D:14     | Noticed a tengu reaver
 29144 | Orc:1    | Entered Level 1 of the Orcish Mines
 29366 | Orc:1    | Reached skill level 5 in Shields
 29376 | Orc:1    | Reached XP level 16. HP: 95/100 MP: 14/16
 29399 | Orc:1    | Found a frozen archway.
 29471 | IceCv    | Entered an ice cave
 29905 | IceCv    | Found an ancient bone altar of Kikubaaqudgha.
 29927 | IceCv    | Received a gift from Trog
 30646 | Orc:1    | Paralysed by an orc sorcerer for 4 turns
 30996 | Orc:1    | Found a bloodstained altar of Trog.
 31227 | Orc:2    | Entered Level 2 of the Orcish Mines
 31264 | Orc:2    | Noticed Snorg
 31280 | Orc:2    | Gained mutation: You are occasionally teleported next to
                  | monsters. [a neqoxec]
 31291 | Orc:1    | Killed Snorg
 31693 | Orc:2    | Found a staircase to the Elven Halls.
 31804 | Orc:2    | Reached skill level 16 in Armour
 32235 | Orc:2    | Received a gift from Trog
 32250 | Orc:2    | Found Imer's General Store.
 32561 | Orc:2    | Found Ibae's Distillery.
 33278 | Orc:2    | Paralysed by an orc sorcerer for 4 turns
 33517 | Orc:2    | Found Xadaskeu's Book Shop.
 33517 | Orc:2    | Found a one-way gate leading to the halls of Pandemonium.
 33517 | Orc:2    | Found Roq Nere's Antique Weapon Boutique.
 33727 | D:14     | HP: 4/101 [very large slime creature (22)]
 34324 | D:14     | Reached skill level 17 in Armour
 34628 | D:14     | Killed from afar by a tengu reaver

Illustrated notes

Levels and vault maps discovered:
D:1:      mrwooster_arrival_statue_3, layout_basic, serial_bayou,
          serial_bayou_pond_e, serial_bayou_lagoon_a, serial_bayou_ford_a,
          serial_bayou_shore_b, minmay_misc_feat_room,
          nicolae_concentric_dashed_squares_mild
D:2:      layout_basic, shapermc_ecumenical_altar_pompeii, minivault_27,
          uniq_terence
D:3:      layout_loops_ring, nicolae_yredelemnul_corpse_copse,
          serial_park_tiny_pond
D:4:      layout_gridville, nicolae_ru_sacrificial_ziggurat,
          corexii_corridor_pit, kennysheep_generic_room_13, uniq_pikel,
          uniq_pargi, uniq_eustachio
D:5:      layout_basic, trog_book, mainiacjoe_overflow_alcove_1,
          mainiacjoe_overflow_surrounded_room, dk_xom_monty_hall,
          minmay_misc_feat_iff, nicolae_kite_square_tiling_tiny,
          water_boxes_lemuel, uniq_crazy_yiuf_cottage
D:6:      layout_loops_corners, gup_sewer_entry_bubbles, hangedman_decor_push,
          serial_bayou_lake_a, uniq_sigmund
D:7:      layout_basic, nicolae_uskayaw_suspiria, elyvilon_altar_1,
          minmay_temple_entry_trees
D:8:      layout_loops_cross
D:9:      layout_gridville, led_sif_book, lair_entry_dummy, serial_shops,
          nicolae_shop_peninsula
D:10:     layout_roguey
D:11:     layout_roguey, orc_david_3
D:12:     lemuel_reptile_caves, layout_cave_pods, hellmonk_bongcloud_opening,
          minmay_shop_enchanted_jewellery, roderic_batcave, uniq_fannar
D:13:     layout_basic, serial_ice, serial_ice_i, serial_ice_b, serial_ice_d,
          serial_ice_n, uniq_josephine
D:14:     minmay_the_grid_square_5x5_5x5_mashed
          [minmay_the_grid_square_5x5_inset, minmay_the_grid_square_5x5_two,
          minmay_the_grid_square_5x5_meh, minmay_the_grid_square_5x5_inner_i,
          minmay_the_grid_square_5x5_checkered_sparse,
          minmay_the_grid_square_5x5_hollow_slash,
          minmay_the_grid_square_5x5_prize_itemx,
          minmay_the_grid_square_5x5_minimal,
          minmay_the_grid_square_5x5_prize_waves,
          minmay_the_grid_square_5x5_spiral,
          minmay_the_grid_square_5x5_three_walls,
          minmay_the_grid_square_5x5_moneybag,
          minmay_the_grid_square_5x5_prize_deathbox,
          minmay_the_grid_square_5x5_gyroscope,
          minmay_the_grid_square_5x5_intrusive_squares,
          minmay_the_grid_square_5x5_shrine2,
          minmay_the_grid_square_5x5_prize_monsterx,
          minmay_the_grid_square_5x5_beaten_path,
          minmay_the_grid_square_5x5_prize_open,
          minmay_the_grid_square_5x5_almost_minimal,
          minmay_the_grid_square_5x5_lines,
          minmay_the_grid_square_5x5_tri_point,
          minmay_the_grid_square_5x5_three,
          minmay_the_grid_square_5x5_half_checkered,
          minmay_the_grid_square_5x5_pentomino_r], layout_basic,
          grunt_vaults_entry_tiered, hangedman_abyss_or_decor_clamps,
          okawaru_metal_pillars_1_2
Temple:   nicolae_temple_bog_church
Lair:1:   layout_roguey, grunt_megastairs_5
Lair:2:   nzn_winding_woodlands_medium [nzn_winding_woodlands_5x5_checkerboard,
          nzn_winding_woodlands_5x15_pool, nzn_winding_woodlands_5x5_three,
          nzn_winding_woodlands_hourglass,
          nzn_winding_woodlands_center_diamonds,
          nzn_winding_woodlands_5x5_perimeter,
          nzn_winding_woodlands_5x5_default, nzn_winding_woodlands_5x15_crooked,
          nzn_winding_woodlands_5x5_cross], layout_long_grid,
          nicolae_spider_entry_tight_spaces, infiniplex_staircase_pool_2
Lair:3:   layout_long_grid, palyth_hydra_swamp_entry
Lair:4:   layout_loops_ring, special_room [special_room_mythical_zoo]
Lair:5:   evilmike_catoblepas_cave, layout_regular_city,
          minmay_slime_entry_eyes, kennysheep_abandoned_house,
          grunt_megastairs_3, serial_bayou_shore_b
Orc:1:    layout_caves, portal_ice_cave_entry_animals_and_master,
          trog_butcher_becter
Orc:2:    pf_orc_diabolical, layout_caves, uniq_snorg

Skill      XL: |  1  2  3  4  5  6  7  8  9 10 11 12 13 14 15 16 |
---------------+-------------------------------------------------+-----
Armour         | 3 4 6 7 8 10 11 12 14 15 17 | 17.2
Dodging        | 2 3 4 5 6 7 8 |  8.7
Fighting       | 4 5 6 7 8 9 10 11 12 | 12.6
Maces & Flails | 4 5 6 7 13 14 15 16 | 16.7
Throwing       | 2 4 5 6 7 |  7.9
Evocations     | 2 4 5 6 7 |  7.8
Shields        | 2 5 7 |  7.7

Action                     |  1- 3 |  4- 6 |  7- 9 | 10-12 | 13-15 | 16-18 || total
---------------------------+-------+-------+-------+-------+-------+-------++-------
  Melee: Mace              |    98 |   209 |   443 |    85 |       |       ||   835
         Punch             |       |     5 |     3 |    13 |     7 |       ||    28
         Flail             |       |       |       |  1073 |   519 |       ||  1592
         Dire flail        |       |       |       |       |   427 |       ||   427
         Great mace        |       |       |       |       |   400 |       ||   400
         Demon whip        |       |       |       |       |   452 |   875 ||  1327
  Throw: Dart              |       |       |     6 |       |    25 |     1 ||    32
 Invoke: Berserk           |       |     2 |     2 |     2 |     3 |     1 ||    10
    Use: Scroll            |       |     6 |     8 |     6 |    15 |     2 ||    37
         Potion            |       |       |     3 |       |     1 |     3 ||     7
   Stab: Sleeping          |       |       |       |       |     1 |       ||     1
         Distracted        |       |       |       |       |       |     1 ||     1
 Armour: Animal skin       |    44 |    35 |       |       |       |       ||    79
         Leather armour    |       |    89 |   179 |       |       |       ||   268
         Ring mail         |       |       |       |   296 |   856 |   174 ||  1326
         Acid dragon scale |       |       |       |   532 |    38 |       ||   570
         Ice dragon scales |       |       |       |       |       |    96 ||    96
  Dodge: Dodged            |    74 |   195 |   236 |   819 |   884 |   213 ||  2421
  Block: Kite shield       |       |       |       |       |    75 |   287 ||   362
         Buckler           |       |       |       |       |    35 |       ||    35
